 Dungeon Crawl Stone Soup version 0.28-a0-697-g47f3eba078 (webtiles) character file.

Game seed: 8995445168456533925

2690 jdsmith2816 the Slicer (level 9, -1/81 HPs)
             Began as a Kobold Berserker on Oct 23, 2021.
             Was a Priest of Trog.
             Slain by Harold (16 damage)
             ... on level 7 of the Dungeon.
             The game lasted 00:39:03 (7498 turns).

jdsmith2816 the Slicer (Kobold Berserker)           Turns: 7498, Time: 00:39:03

Health: -1/81      AC:  7    Str: 14    XL:     9   Next: 96%
Magic:  9/9        EV: 16    Int:  8    God:    Trog [***...]
Gold:   463        SH:  8    Dex: 18    Spells: 8/8 levels left

rFire   . . .      SeeInvis .   a - +1 rapier
rCold   . . .      Faith    .   B - +2 buckler
rNeg    . . .      Spirit   .   f - +0 leather armour {rPois}
rPois   +          Reflect  .   w - +2 helmet
rElec   .          Harm     .   (no cloak)
rCorr   .          Rampage  +   z - +1 pair of gloves
Will    ++...                   k - +2 pair of boots {rampage}
Stlth   ..........              q - amulet of regeneration
HPRegen 2.23/turn               (no ring)
MPRegen 0.11/turn               (no ring)

@: berserking, marked, strong-willed, corroded, regenerating, very quick
A: small, no large weapons, nightstalker 3
a: Renounce Religion, Berserk, Trog's Hand


You were on level 7 of the Dungeon.
You worshipped Trog.
Trog was most pleased with you.
You visited 2 branches of the dungeon, and saw 8 of its levels.

You collected 463 gold pieces.


Innate Abilities, Weirdness & Mutations

You are small and have problems with some larger weapons.
You are completely attuned to the shadows.


   Skills:
 - Level 5.0 Fighting
 * Level 12.3 Short Blades
 - Level 1.5 Armour
 - Level 5.0 Dodging
 + Level 7.0 Stealth
 * Level 3.6 Shields
 - Level 4.0 Evocations


You had 8 spell levels left.
You didn't know any spells.
Your spell library contained the following spells:

 Spells                   Type           Power      Damage    Failure   Level
 Apportation              Tloc           0%         N/A       54%         1
 Blink                    Tloc           N/A        N/A       69%         2
 Corpse Rot               Necr/Air       0%         N/A       69%         2
 Poisonous Vapours        Pois/Air       0%         N/A       69%         2
 Lesser Beckoning         Tloc           0%         N/A       89%         3
 Ozocubu's Armour         Ice            0%         N/A       89%         3
 Freezing Cloud           Conj/Ice/Air   0%         6-21      100%        5
 Manifold Assault         Tloc           0%         N/A       100%        5
 Simulacrum               Ice/Necr       0%         N/A       100%        6
 Ozocubu's Refrigeration  Ice            0%         4d5       100%        7
 Polar Vortex             Ice            0%         N/A       100%        9

Inventory:

Hand Weapons
 a - a +1 rapier (weapon)
 b - a +0 hunting sling
 j - a +0 hand axe of distortion
Missiles
 m - 21 sling bullets
 n - 50 poisoned darts (quivered)
 s - 113 bolts
Armour
 f - a +0 leather armour of poison resistance (worn)
 k - a +2 pair of boots of rampaging (worn)
 w - a +2 helmet (worn)
 z - a +1 pair of gloves (worn)
 B - a +2 buckler (worn)
Jewellery
 q - an amulet of regeneration (around neck)
Wands
 g - a wand of mindburst (16)
 p - a wand of acid (12)
 v - a wand of charming (11)
 y - a wand of flame (28)
Potions
 c - 3 potions of curing {@q1}
 e - a potion of haste {unknown}
 h - 2 potions of mutation
 l - a potion of brilliance
 o - a potion of resistance {unknown}
 r - a potion of cancellation {unknown}
 t - a potion of flight {unknown}
 x - a potion of ambrosia {unknown}

Dungeon Overview and Level Annotations

Branches:
Dungeon (7/15)             Temple (1/1) D:6

Altars:
Ashenzari
Cheibriados
Dithmenos
Elyvilon
Fedhas
Gozag
Kikubaaqudgha
Makhleb
Nemelex Xobeh
Okawaru
Ru
Sif Muna
Trog
Uskayaw
Vehumet
Wu Jian
Xom
Yredelemnul
Zin
The Shining One

Shops:
D:5 [

Annotations:
D:7 Harold

,** *........##.###.<##.## ,*
##.#..#...##.##.)..#..## ,*
##..##.#...##.##.##.##..# ,*
###..###...>.....@.##..##<#
.#####............#.#######..#.#
........####..#...#.##......>.)#
....##.## #.##......:.........##
....#..# #.##...#.##..........#
***#..## #.###@...##..........#
##.## #.# #@..###...........
##..# ##.###...# #.........#.
#..## ###..##...## #.........##
#.## ##....##.#.# #.......†.##
##.# #..##.##.#.# #.........##
...#
###.###.##.#.####.........##
..##
#.......#.........##.#####.. ..#
#.......#.........##.## *,.#


You could see Harold.


Message History

Ouch! That really hurt!
* * * LOW HITPOINT WARNING * * *
Use which ability? (? or * to list)
Your skin crawls.
You feel strong-willed. Harold gestures at you while chanting.
A sentinel's mark forms upon you.
Use which ability? (? or * to list)
A red film seems to cover your vision as you go berserk!
You feel yourself moving faster!
You feel mighty! You block Harold's attack.
You are too injured to fight recklessly!
You are too injured to fight recklessly!
You are too injured to fight recklessly!
You are too injured to fight recklessly!
You are too injured to fight recklessly!
You are too injured to fight recklessly!
You are too injured to fight recklessly!
You are too injured to fight recklessly!
You are too injured to fight recklessly!
You are too injured to fight recklessly!
You are too injured to fight recklessly!
You are too injured to fight recklessly!
You are too injured to fight recklessly!
You are too injured to fight recklessly!
You are too injured to fight recklessly!
You are too injured to fight recklessly!
You hit Harold.
Harold is lightly wounded.
Harold hits you with a +2 short sword of venom!
You die...

Skill      XL: |  1  2  3  4  5  6  7  8  9 |
---------------+----------------------------+-----
Stealth        | 1 2 3 5 7 |  7.0
Short Blades   | 5 7 8 9 10 12 | 12.3
Evocations     | 2 4 |  4.0
Dodging        | 3 4 5 |  5.0
Fighting       | 5 |  5.0
Shields        | 3 |  3.6
Armour         | |  1.5

Action                   |  1- 3 |  4- 6 |  7- 9 || total
-------------------------+-------+-------+-------++-------
Melee: Short sword       |    98 |   146 |    29 ||   273
       Rapier            |       |       |   376 ||   376
 Fire: Hunting sling     |       |       |     3 ||     3
Invok: Trog's Hand       |       |     3 |     7 ||    10
       Berserk           |       |     2 |     7 ||     9
Evoke: Wand              |       |       |     8 ||     8
  Use: Scroll            |       |     6 |     8 ||    14
       Potion            |       |       |     1 ||     1
 Stab: Sleeping          |    17 |    11 |    10 ||    38
       Distracted        |       |       |     8 ||     8
Armor: Animal skin       |    19 |       |       ||    19
       Leather armour    |     2 |    18 |    82 ||   102
Dodge: Dodged            |    72 |    51 |   173 ||   296
Block: Buckler           |       |       |    46 ||    46

Levels and vault maps discovered:
D:1:      lightli_arrival_noodles, layout_loops_ring
D:2:      layout_loops_ring, shapermc_ecumenical_altar_rom_forum,
          minmay_pentomino_x4
D:3:      layout_basic, uniq_grinder
D:4:      layout_basic
D:5:      layout_rooms, chequers_temple_overflow_minitemple,
          nicolae_wu_jian_glorious_leap, serial_shops, shop, uniq_ijyb
D:6:      wad_lake_hut, layout_rooms, temple_statues
D:7:      layout_rooms, minmay_nine_imps, uniq_harold, uniq_maggie
Temple:   regret_index_temple_sphere_string

Notes
Turn   | Place    | Note
-------+----------+-------------------------------------------
     0 | D:1      | jdsmith2816 the Kobold Berserker began the quest for the
                  | Orb.
     0 | D:1      | Reached XP level 1. HP: 14/14 MP: 1/1
   125 | D:1      | Reached skill level 1 in Stealth
   137 | D:1      | Reached XP level 2. HP: 19/19 MP: 2/2
   350 | D:1      | Reached skill level 2 in Stealth
   519 | D:1      | Reached XP level 3. HP: 14/23 MP: 3/3
   783 | D:1      | Reached ** piety under Trog
  1092 | D:2      | Reached skill level 5 in Short Blades
  1092 | D:2      | Reached skill level 3 in Stealth
  1472 | D:2      | Reached XP level 4. HP: 28/28 MP: 4/4
  1586 | D:2      | Found a faded altar of an unknown god.
  1594 | D:2      | Got Plato's Catalogue of Dislocation
  2327 | D:3      | Noticed Grinder
  2352 | D:3      | Reached skill level 4 in Stealth
  2421 | D:3      | Killed Grinder
  2422 | D:3      | Reached skill level 7 in Short Blades
  2422 | D:3      | Reached skill level 5 in Stealth
  2422 | D:3      | Reached XP level 5. HP: 32/32 MP: 5/5
  2422 | D:3      | Reached XP level 6. HP: 37/37 MP: 6/6
  3459 | D:4      | Reached skill level 8 in Short Blades
  3550 | D:4      | Reached XP level 7. HP: 25/41 MP: 7/7
  4422 | D:5      | Entered Level 5 of the Dungeon
  4438 | D:5      | Reached skill level 1 in Evocations
  4464 | D:5      | Reached skill level 9 in Short Blades
  4464 | D:5      | Reached skill level 3 in Dodging
  4475 | D:5      | Noticed Ijyb
  4479 | D:5      | Killed Ijyb
  4577 | D:5      | Reached *** piety under Trog
  4589 | D:5      | Found Zoonej's Antique Armour Boutique.
  4672 | D:5      | Reached skill level 2 in Evocations
  4682 | D:5      | Reached XP level 8. HP: 48/48 MP: 8/8
  4705 | D:5      | Reached skill level 4 in Fighting
  4759 | D:5      | Found an ornate altar of the Wu Jian Council.
  4837 | D:5      | Found a faded altar of an unknown god.
  4841 | D:5      | Found a faded altar of an unknown god.
  4843 | D:5      | Found an ancient bone altar of Kikubaaqudgha.
  4844 | D:5      | Found a snail-covered altar of Cheibriados.
  4849 | D:5      | Found a glowing golden altar of the Shining One.
  4920 | D:5      | Reached skill level 4 in Dodging
  4928 | D:5      | Reached skill level 3 in Evocations
  5031 | D:5      | Reached skill level 10 in Short Blades
  5719 | D:6      | Reached skill level 5 in Fighting
  5719 | D:6      | Reached skill level 4 in Evocations
  5719 | D:6      | Reached XP level 9. HP: 54/54 MP: 9/9
  5888 | D:6      | Found a staircase to the Ecumenical Temple.
  5894 | Temple   | Entered the Ecumenical Temple
  6465 | D:7      | Reached skill level 5 in Dodging
  6480 | D:7      | Reached skill level 11 in Short Blades
  6480 | D:7      | Reached skill level 1 in Shields
  6619 | D:6      | Reached skill level 2 in Shields
  6836 | D:7      | Noticed Harold
  6846 | D:6      | Reached skill level 6 in Stealth
  7045 | D:7      | Reached skill level 3 in Shields
  7083 | D:7      | Reached skill level 12 in Short Blades
  7381 | D:7      | Reached skill level 7 in Stealth
  7498 | D:7      | Slain by Harold

Vanquished Creatures
  Grinder (D:3)
  An ice beast (D:7)
  3 orc warriors
  A sky beast (D:7)
  A necrophage (D:5)
  2 ogres
  A centaur (D:4)
  2 phantoms
  A kobold brigand (D:7)
  A bullfrog (D:7)
  2 scorpions
  A wyvern skeleton (D:7)
  2 electric eels (D:6)
  6 howler monkeys
  5 orc priests
  2 bullfrog skeletons
  A centaur skeleton (D:7)
  4 hounds
  A jelly (D:5)
  Ijyb (D:5)
  8 orc wizards
  3 iguanas
  A killer bee zombie (D:5)
  A hound zombie (D:5)
  2 hound skeletons
  An adder (D:5)
  A shadow imp (D:5)
  A worm (D:3)
  3 dart slugs
  20 orcs
  6 endoplasms
  5 giant cockroaches
  6 hobgoblins
  3 jackals (D:1)
  11 kobolds
  4 quokkas
  4 ball pythons
  6 bats
  2 frilled lizards (D:2)
  10 goblins
  5 rats
142 creatures vanquished.

Vanquished Creatures (others)
  An orc warrior (D:6)
  2 fungi (D:2)
  3 plants
6 creatures vanquished.

Grand Total: 148 creatures vanquished

Table legend: (Time is in decaauts)
 A = Elapsed time spent in this place.
 B = Non-inter-level travel time spent in this place.
 C = Inter-level travel time spent in this place.
 D = Time resting spent in this place.
 E = Time spent auto-exploring this place.
 F = Levels seen in this place.
 G = Mean time per level.
                   A        B        C        D        E       F      G
               +--------+--------+--------+--------+--------+-----+--------+
         Total |   7452 |   7106 |    346 |   1360 |   4189 |   8 |  931.5 |
       Dungeon |   7236 |   6918 |    318 |   1360 |   4018 |   7 | 1033.7 |
        Temple |    215 |    187 |     28 |      0 |    171 |   1 |  215.0 |
               +--------+--------+--------+--------+--------+-----+--------+

Top non-repeatable levels by time:
     D:6: 1525 daAuts
     D:3: 1290 daAuts
     D:4: 1127 daAuts
     D:1: 1012 daAuts
     D:2: 954 daAuts
     D:5: 716 daAuts
     D:7: 610 daAuts
  Temple: 215 daAuts

Table legend:
 A = Non-vault XP
 B = Vault XP
 C = Vault XP percentage of total XP
 D = Non-vault monster count
 E = Vault monster count
 F = Vault count percentage of total count
                 A         B        C        D         E       F
            +---------+---------+-------+---------+---------+-------
      Total |    3531 |     312 |   8.1 |     139 |       4 |   2.8
            +---------+---------+-------+---------+---------+-------
        D:1 |      37 |       0 |   0.0 |      22 |       0 |   0.0
        D:2 |      35 |       2 |   5.4 |      10 |       2 |  16.7
        D:3 |      92 |     272 |  74.7 |      20 |       1 |   4.8
        D:4 |     234 |       0 |   0.0 |      21 |       0 |   0.0
        D:5 |     816 |      38 |   4.4 |      19 |       1 |   5.0
        D:6 |    1171 |       0 |   0.0 |      24 |       0 |   0.0
        D:7 |    1146 |       0 |   0.0 |      23 |       0 |   0.0
            +---------+---------+-------+---------+---------+-------
